 Dungeon Crawl Stone Soup version 0.22-a0-612-gd2f0174 (webtiles) character file.

160 Hebeh the Magician (level 5, -11/28 HPs)
             Began as a Deep Elf Fire Elementalist on July 11, 2018.
             Killed by divine providence
             ... invoked by an orc priest
              (12 damage)
             ... on level 3 of the Dungeon.
             The game lasted 00:09:24 (2509 turns).

Hebeh the Magician (Deep Elf Fire Elementalist)     Turns: 2509, Time: 00:09:25

Health: -11/28     AC:  2    Str:  5    XL:     5   Next: 17%
Magic:  0/13       EV: 13    Int: 21    God:
Gold:   140        SH:  0    Dex: 15    Spells: 6/12 levels left

rFire    . . .     SeeInvis .   b - +0 hunting sling
rCold    . . .     Gourm    .   (no shield)
rNeg     . . .     Faith    .   e - +0 robe
rPois    .         Spirit   .   (no helmet)
rElec    .         Reflect  .   (no cloak)
rCorr    .         Harm     .   (no gloves)
MR       .....                  (no boots)
Stlth    ++........             (no amulet)
HPRegen  0.09/turn              (no ring)
MPRegen  0.13/turn              (no ring)

@: no status effects
A: no striking features
a: no special abilities


You were on level 3 of the Dungeon.
You were not hungry.

You visited 1 branch of the dungeon, and saw 3 of its levels.

You collected 140 gold pieces.

Inventory:

Hand Weapons
 a - a +0 mace
 b - a +0 hunting sling (weapon)
Missiles
 j - 67 stones (quivered)
 m - 6 tomahawks
Armour
 e - a +0 robe (worn)
Scrolls
 g - 2 scrolls of magic mapping {unknown}
 h - 3 scrolls of teleportation {unknown}
 i - a scroll of fear {unknown}
 k - 3 scrolls of identify {unknown}
 l - 3 scrolls of fog {unknown}
 n - 4 scrolls of remove curse {unknown}
 o - a scroll of enchant weapon {unknown}
 q - a scroll of immolation {unknown}
 r - a scroll of amnesia {unknown}
Potions
 d - 3 potions of curing {unknown}
 f - a potion of berserk rage {unknown}
Comestibles
 c - 6 rations
 p - 4 chunks of flesh


   Skills:
 - Level 2.4 Dodging
 - Level 2.4 Stealth
 + Level 4.4 Spellcasting
 * Level 4.0 Conjurations
 + Level 4.2 Fire Magic


You had 6 spell levels left.
You knew the following spells:

 Your Spells              Type           Power        Failure   Level  Hunger
a - Flame Tongue          Conj/Fire      ###..        1%          1    None
b - Throw Flame           Conj/Fire      ###...       3%          2    #......
c - Conjure Flame         Conj/Fire      ###.....     6%          3    ##.....

Your spell library contained the following spells:

 Spells                   Type           Power        Failure   Level  Hunger
 Fireball                 Conj/Fire      ###.......   50%         5    ######.
 Sticky Flame             Conj/Fire      ###.....     21%         4    ####...
 Inner Flame              Hex/Fire       ##......     14%         3    ##.....


Dungeon Overview and Level Annotations

Branches:
Dungeon (3/15)

Altars:
Makhleb


Message History

Casting: Flame Tongue (safe; 1% risk of failure)
Confirm with . or Enter, or press ? or * to list all spells.
Aiming: Flame Tongue (safe; 1% risk of failure)
Press: ? - help, Shift-Dir - straight line, f - orc priest
Aim: an orc priest, wielding a mace The flame tongue hits the orc priest.
The orc priest is severely wounded.
Casting: Flame Tongue (safe; 1% risk of failure)
Confirm with . or Enter, or press ? or * to list all spells.
Aiming: Flame Tongue (safe; 1% risk of failure)
Press: ? - help, Shift-Dir - straight line, f/p - orc priest
Aim: an orc priest, wielding a mace (severely wounded)
The flame tongue hits the orc priest.
The orc priest is almost dead.
The orc priest mumbles some strange prayers to Beogh against you.
Pain shoots through your body!
* * * LOW HITPOINT WARNING * * *
The orc priest calls down the wrath of Beogh upon you.
Beogh smites you!
You die...

......[.#.##.....####....#......#
..........######.# #....#......#
...###..#####....# #....#.#.....
...# #..# .......# #....#.#.###.
...# #. ###...#####....#.#.# #.
...# # #.............##.#.###.
...# #..# #..........#####.#...#.
...###..#.#.....)....#####.###.#.
.....#..#.......@o...<.........#.
#....#..#########.)............##
#....#..##o....##.#...)........#.
#....#.. +....o'..#.........(..#.
#....#.# #....o####............#.
#....#'###.... #............#.
#.......##### #............#.
#.......# #............##
#.......##### #..#####.###...


You could see an orc priest.

Vanquished Creatures
  2 orc priests (D:3)
  3 adders
  An adder zombie (D:3)
  3 worms
  2 dart slugs
  A leopard gecko (D:1)
  3 orcs (D:3)
  A ball python (D:3)
  2 giant cockroaches
  5 goblins
  6 hobgoblins
  A quokka (D:2)
  5 bats
  4 frilled lizards
  7 kobolds
  9 rats
55 creatures vanquished.

Notes
Turn   | Place    | Note
-------+----------+-------------------------------------------
     0 | D:1      | Hebeh the Deep Elf Fire Elementalist began the quest for the Orb.
     0 | D:1      | Reached XP level 1. HP: 10/10 MP: 6/6
   295 | D:1      | Reached XP level 2. HP: 15/15 MP: 6/8
   895 | D:2      | Reached XP level 3. HP: 19/19 MP: 7/10
   940 | D:2      | Found a burning altar of Makhleb.
  1684 | D:2      | Learned a level 2 spell: Throw Flame
  1688 | D:2      | Learned a level 3 spell: Conjure Flame
  2055 | D:3      | Reached XP level 4. HP: 24/24 MP: 7/11
  2501 | D:3      | Reached XP level 5. HP: 15/28 MP: 4/13
  2508 | D:3      | HP: 1/28 [orc priest/nerve-wracking pain (7)]
  2509 | D:3      | Killed from afar by an orc priest

Vault maps used:
D:1:      onia_arrival_pentagram
D:2:      lemuel_coloured_pillars_altar
D:3:      wad_crossroads, first_ration, minmay_misc_feat_doors

Skill      XL: |  1  2  3  4 |
---------------+-------------+-----
Conjurations   | 2 3 4 |  4.0
Spellcasting   | 4 |  4.4
Fire Magic     | 4 |  4.2
Dodging        | |  2.4
Stealth        | |  2.4

Action                   |  1- 3 |  4- 6 || total
-------------------------+-------+-------++-------
 Fire: Hunting sling     |    13 |    14 ||    27
Throw: Tomahawk          |    41 |       ||    41
 Cast: Flame Tongue      |    58 |    32 ||    90
       Throw Flame       |     2 |     1 ||     3
       Conjure Flame     |       |     1 ||     1
  Eat: Chunk             |     3 |     2 ||     5
Armor: Robe              |    10 |     1 ||    11
Dodge: Dodged            |    19 |     8 ||    27

Table legend:
 A = Spawn XP
 B = Non-spawn XP
 C = Spawn XP percentage of total XP
 D = Spawn monster count
 E = Non-spawn monster count
 F = Spawn count percentage of total count
 G = Total turns spent on level
                    A         B        C        D         E        F      G
               +---------+---------+-------+---------+---------+-------+---------
         Total |       0 |     229 |   0.0 |       0 |      55 |   0.0 |  2509
               +---------+---------+-------+---------+---------+-------+---------
           D:1 |       0 |      20 |   0.0 |       0 |      11 |   0.0 |   636
           D:2 |       0 |      62 |   0.0 |       0 |      22 |   0.0 |  1083
           D:3 |       0 |     147 |   0.0 |       0 |      22 |   0.0 |   790
               +---------+---------+-------+---------+---------+-------+---------
